Map: King Sejong Station LE

Players

Nickos

  • Race: Terran Terran
  • League: Gold

puritytheme - Winner!

  • Race: Terran Terran
  • League: Platinum

VOD

Have the link to the VOD?

Description

Time

  • Played on: Oct. 2, 2016, 5:12 p.m.
  • Length: 9:25
Show
View Real Time Build Order
Export as new Build Order

Nickos Terran 

Build Orders: MMM Bio 

Get SALT Encoding   

  12  0:01  SCV  
  13  0:13  SCV  
  14  0:18  Supply Depot  
  14  0:25  SCV  
  15  0:39  SCV  
  15  0:41  Barracks  
  16  0:51  SCV  
  17  1:04  SCV  
  18  1:17  SCV  
  19  1:23  Command Center  
  19  1:30  Marine  
  19  1:42  Orbital Command  
  19  1:47  Supply Depot  
  19  1:52  Marine  
  19  1:53  Barracks  
  19  2:18  SCV  
  19  2:20  Marine  
  20  2:26  Barracks  
  20  2:28  Refinery x2  
  20  2:30  SCV  
  21  2:38  Marine  
  21  2:42  Orbital Command  
  22  2:52  SCV  
  22  2:53  Marine  
  24  3:08  SCV  
  24  3:09  Marine, SCV  
  26  3:21  Barracks Tech Lab, SCV x2  
  28  3:28  Barracks Reactor, Factory  
  28  3:42  Marine  
  28  3:45  SCV x2  
  28  3:47  Stimpack  
  32  3:53  Barracks Reactor  
  31  3:57  SCV x2  
  31  4:02  Marine  
  34  4:09  Engineering Bay, SCV x2  
  36  4:10  Engineering Bay  
  36  4:14  Starport  
  36  4:20  Factory Reactor  
  36  4:21  SCV, Marine x3  
  36  4:23  SCV  
  41  4:30  Marine  
  42  4:33  SCV, Marine  
  42  4:35  SCV  
  45  4:39  Terran Infantry Weapons Level 1, Marine  
  46  4:55  Refinery  
  46  5:11  Supply Depot  
  46  5:13  Supply Depot  
  46  5:14  Supply Depot  
  46  5:15  Supply Depot  
  46  5:20  Terran Infantry Armor Level 1  
  46  5:32  SCV x2, Marine x3  
  46  5:33  Marauder  
  46  5:34  Medivac  
  55  5:35  Marine  
  56  5:44  SCV x2  
  57  5:50  Marine  
  46  6:17  SCV  
  46  6:18  Combat Shields, SCV  
  47  6:20  Marine  
  47  6:21  Marine x3  
  47  6:22  Medivac x2  
  55  6:32  SCV x2  
  57  6:34  Marine  
  57  6:38  Supply Depot x2  
  57  6:44  SCV  
  54  6:48  Missile Turret  
  54  6:49  Missile Turret  
  53  6:56  Marine x4  
  53  6:57  Marine  
  53  6:58  Medivac x2  
  62  7:05  Command Center  
  62  7:15  SCV x2  
  64  7:27  SCV  
  59  7:30  Marine  
  59  7:31  Marine x4  
  59  7:33  Viking  
  59  7:34  SCV  
  66  7:39  SCV  
  67  7:46  SCV  
  68  7:59  Marine x3  
  69  8:20  Missile Turret x2  
  69  8:23  Armory  
  69  8:24  SCV x2  
  71  8:27  Concussive Shells  
  71  8:29  Marine x3, Marauder  
  71  8:30  Marine  
  77  8:36  SCV  
  78  8:41  SCV  
  78  8:48  SCV  
  73  9:06  Marine x3  
  73  9:07  Marine x2  
Show
View Real Time Build Order
Export as new Build Order

puritytheme Terran - Winner!

Build Orders: Reaper Expand 

Get SALT Encoding   

  12  0:01  SCV  
  13  0:13  SCV  
  14  0:17  Supply Depot  
  14  0:25  SCV  
  15  0:30  Refinery  
  15  0:43  Barracks  
  15  0:49  SCV  
  16  1:01  SCV  
  17  1:13  SCV  
  19  1:25  SCV  
  19  1:31  Reaper  
  20  1:41  Orbital Command  
  20  1:55  Command Center  
  20  2:18  SCV  
  20  2:20  Refinery, Factory  
  21  2:26  Supply Depot  
  21  2:30  Barracks Reactor  
  21  2:38  SCV  
  22  2:50  SCV  
  23  3:02  SCV  
  24  3:11  Orbital Command  
  24  3:12  Marine x2  
  26  3:14  SCV  
  26  3:17  Factory Tech Lab  
  26  3:19  Starport  
  26  3:26  SCV  
  27  3:29  Marine  
  27  3:30  Marine  
  27  3:33  Barracks  
  29  3:39  Siege Tank  
  32  3:43  SCV x2  
  34  3:49  Marine  
  34  3:50  Marine  
  36  3:57  Engineering Bay  
  36  3:58  Supply Depot  
  36  3:59  Medivac  
  36  4:02  SCV  
  39  4:07  Marine x2  
  41  4:14  Siege Tank  
  44  4:29  SCV  
  44  4:30  SCV  
  46  4:33  Medivac  
  46  4:36  Marine x2  
  46  4:38  Barracks Tech Lab  
  50  4:44  Missile Turret, SCV x2  
  52  4:58  Marine x2  
  54  5:01  Supply Depot  
  54  5:05  Liberator  
  54  5:15  Refinery  
  54  5:16  Supply Depot  
  54  5:18  Refinery  
  54  5:22  SCV x2, Marine x2  
  54  5:23  Marine  
  54  5:26  Stimpack  
  62  5:38  SCV x2  
  62  5:40  Marine  
  55  6:14  Liberator  
  55  6:15  Marine x2  
  51  6:19  Marine  
  51  6:20  SCV x2  
  54  6:26  Supply Depot  
  54  6:27  Supply Depot  
  54  6:32  SCV x2  
  59  6:33  Siege Tank, Barracks, Marine x2  
  59  6:36  Marine  
  65  6:44  Barracks  
  65  6:50  Marine  
  65  6:51  Marine  
  65  6:53  SCV  
  65  6:54  Marine, SCV  
  70  7:05  Siege Tank  
  73  7:08  Marine  
  77  7:20  Marine x2  
  76  7:22  Starport Reactor  
  76  7:23  SCV x2  
  78  7:35  SCV x2, Marine x3  
  83  7:37  Siege Tank  
  83  7:41  Command Center  
  86  7:47  SCV  
  86  7:48  SCV  
  86  7:49  Barracks Reactor  
  88  7:52  Marine  
  88  7:53  Marine x3  
  92  8:00  SCV x2  
  92  8:02  Supply Depot  
  94  8:05  Supply Depot  
  94  8:11  Siege Tank  
  94  8:23  Medivac x2, SCV x2, Marine x2  
  94  8:25  Supply Depot  
  94  8:27  Marine x2  
  102  8:32  Supply Depot  
  102  8:33  Supply Depot  
  102  8:34  Marine x2  
  105  8:35  SCV x2  
  105  8:41  Marine x2  
  110  8:46  Marine x2  
  110  8:47  SCV x2  
  114  8:50  Supply Depot  
  114  8:55  Refinery  
  114  8:58  Marine  
  114  8:59  SCV x2  
  107  9:22  Refinery  
Tags
 
Add a new tag
Caveats
  • Supply blocks, unpowered buildings, or Contaminate may cause inaccurate times.
  • Supply counts are checked every 10 seconds.